 Dungeon Crawl Stone Soup version 0.28.0 (webtiles) character file.

Game seed: 12332878823315561662

160 fiver49 the Poker (level 5, -6/38 HPs)
             Began as a Formicid Air Elementalist on Feb 17, 2022.
             Mangled by a hornet (9 damage)
             ... on level 4 of the Dungeon.
             The game lasted 00:06:01 (3843 turns).

fiver49 the Poker (Formicid Air Elementalist)       Turns: 3843, Time: 00:06:02

Health: -6/38      AC:  7    Str: 14    XL:     5   Next: 69%
Magic:  8/8        EV: 11    Int: 15    God:
Gold:   84         SH:  0    Dex: 11    Spells: 7/8 levels left

rFire   + . .      SeeInvis +   m - +0 trident
rCold   + . .      Faith    .   (no shield)
rNeg    . . .      Spirit   .   h - +2 ring mail {rPois}
rPois   +          Reflect  .   (helmet unavailable)
rElec   .          Harm     .   (no cloak)
rCorr   .          Rampage  .   (no gloves)
Will    .....                   (no boots)
Stlth   +.........              (no amulet)
HPRegen 0.12/turn               e - ring of protection from cold
MPRegen 0.11/turn               l - ring of protection from fire

@: lethally poisoned (-6 -> -17), weak-willed
A: permanent stasis, dig shafts and tunnels, antennae 3, four strong arms
a: Dig, Shaft Self


You were on level 4 of the Dungeon.
You visited 1 branch of the dungeon, and saw 4 of its levels.

You collected 84 gold pieces.

Inventory:

Hand Weapons
 b - a +0 short sword
   (You found it on level 1 of the Dungeon)
 g - a +0 spear
   (You found it on level 1 of the Dungeon)
 m - a +0 trident (weapon)
   (You found it on level 3 of the Dungeon)
Armour
 a - a +0 robe
 h - a +2 ring mail of poison resistance (worn)
   (You found it on level 2 of the Dungeon)
Jewellery
 e - a ring of protection from cold (left hand)
   (You found it on level 1 of the Dungeon)
 l - a ring of protection from fire (right hand)
   (You found it on level 3 of the Dungeon)
Scrolls
 c - a scroll of acquirement {unknown}
 d - 4 scrolls of teleportation
 f - a scroll of identify {unknown}
 k - a scroll of enchant armour {unknown}
 o - a scroll of enchant weapon {unknown}
Potions
 i - 4 potions of curing {unknown}
 n - a potion of heal wounds {unknown}
 p - a potion of lignification {unknown}
 q - a potion of mutation {unknown}


   Skills:
 - Level 2.0 Fighting
 + Level 3.5 Polearms
 - Level 3.0 Dodging
 - Level 2.4 Stealth
 - Level 2.1 Spellcasting
 - Level 0.8 Conjurations
 - Level 2.4 Air Magic


You had 7 spell levels left.
You knew the following spells:

 Your Spells              Type           Power      Damage    Failure   Level
a - Shock                 Conj/Air       24%        1d4       22%         1

Your spell library contained the following spells:

 Spells                   Type           Power      Damage    Failure   Level
 Static Discharge         Conj/Air       6%         N/A       34%         2
 Airstrike                Air            4%         N/A       86%         4
 Passage of Golubria      Tloc           1%         N/A       99%         4
 Silence                  Hex/Air        2%         N/A       100%        5
 Lehudib's Crystal Spear  Conj/Erth      1%         10d2      100%        8
 Swiftness                Air            Unusable   N/A       N/A         3

Dungeon Overview and Level Annotations

Branches:
Dungeon (4/15)
 Temple: D:4-7

Altars:
Ashenzari
Hepliaklqana
Ru
Xom

Annotations:
D:3 2 transporters, Jessica


Innate Abilities, Weirdness & Mutations

You cannot be hasted, slowed, berserked, paralysed or teleported.
You can dig through walls and to a lower floor.
You have a pair of large antennae on your head. (SInv)
Your four strong arms can wield two-handed weapons with a shield.


Message History

You closely miss the giant cockroach.
The giant cockroach is severely wounded.
The giant cockroach bites you but does no damage.
The giant cockroach closely misses you.
You hit the giant cockroach but do no damage.
The giant cockroach is severely wounded.
The giant cockroach misses you.
You puncture the giant cockroach!
You kill the giant cockroach!
No target in view!
You see here a giant cockroach corpse.
Found a whip.
Found an escape hatch in the ceiling.
Found 15 gold pieces.
A ball python comes into view.
Found 7 gold pieces.
The ball python hisses angrily.
You hear an angry hiss.
A ball python comes into view.
You see here a giant cockroach corpse.
You barely miss the ball python.
The ball python bites you but does no damage.
The ball python barely misses you.
You hit the ball python.
The ball python is heavily wounded.
The ball python barely misses you. The ball python grabs you.
The ball python constricts you. The ball python completely misses you.
The ball python constricts you.
You hit the ball python.
You kill the ball python!
You reach to attack!
You closely miss the ball python. The ball python bites you.
The ball python completely misses you.
You puncture the ball python!
You kill the ball python!
No target in view!
No target in view!
There is a stone staircase leading down here.
There is an escape hatch in the floor here.
You see here 22 bolts.
Found a stone staircase leading down.
An iguana is nearby!
You see here 22 bolts.
There is a stone staircase leading up here.
Found 19 gold pieces.
Found a stone staircase leading down.
Found 2 fizzy pink potions.
You now have 84 gold pieces (gained 19).
i - 4 fizzy pink potions (gained 2)
An orc and an orc priest come into view.
A hornet and an orc come into view.
The hornet buzzes angrily.
The orc shouts!
An orc comes into view. It is wielding a +0 flail.
An orc comes into view. It is wielding a +0 club.
You aren't carrying any items that you can evoke.
You hit the hornet. Your punch misses the hornet.
The hornet is lightly wounded.
The hornet stings you.
You barely miss the hornet.
The hornet is lightly wounded.
The hornet closely misses you. The hornet stings you!
You are too injured to fight recklessly!
You are too injured to fight recklessly!
You are too injured to fight recklessly!
You are too injured to fight recklessly!
You are too injured to fight recklessly!
You are too injured to fight recklessly!
You are too injured to fight recklessly!
You are too injured to fight recklessly!
You are too injured to fight recklessly!
You are too injured to fight recklessly!
You are too injured to fight recklessly!
You are too injured to fight recklessly!
You are too injured to fight recklessly!
You are too injured to fight recklessly!
You are too injured to fight recklessly!
You are too injured to fight recklessly!
You are too injured to fight recklessly!
You are too injured to fight recklessly!
You are too injured to fight recklessly!
You are too injured to fight recklessly!
You are too injured to fight recklessly!
You hit the hornet.
The hornet is moderately wounded.
The hornet closely misses you. x2
You barely miss the hornet.
The hornet is moderately wounded.
The hornet closely misses you.
You hit the hornet but do no damage.
The hornet is moderately wounded.
The hornet stings you!
You are lethally poisoned!
The hornet stings you!
* * * LOW HITPOINT WARNING * * *
You aren't carrying any items that you can evoke.
As you read the scroll labelled EHUOKY XARGHA, it crumbles to dust.
Magic quickly surges around you.
It was a scroll of vulnerability.
* * * LOW HITPOINT WARNING * * *
You feel very sick. The hornet stings you!
You die...

##########
.........#
...o.....#
oo.y.....##
o.....{..>######
########o.......
#o#######
######yo## #..
#....@#..# ..#
#.....##.# #..
#.....##.# #.#
###...##.. #.#
#...##### #.#
#...# #. #.#
#...# #.######.<
#<..# #.......l#
#..## ####...#.#


You could see a hornet (weak-willed), an orc priest (weak-willed) and 2 orcs.

Vanquished Creatures
  2 scorpion zombies (D:3)
  A hound zombie (D:3)
  A hound skeleton (D:3)
  3 adders (D:2)
  An adder zombie (D:3)
  A worm (D:2)
  An orc (D:3)
  4 endoplasms
  3 giant cockroaches
  7 goblins
  7 hobgoblins
  A quokka (D:1)
  3 ball pythons
  A ball python skeleton (D:3)
  A bat (D:1)
  2 frilled lizards
  3 kobolds
  A quokka skeleton (D:3)
  2 quokka zombies (D:3)
  4 rats
49 creatures vanquished.

Notes
Turn   | Place    | Note
-------+----------+-------------------------------------------
     0 | D:1      | fiver49 the Formicid Air Elementalist began the quest for
                  | the Orb.
     0 | D:1      | Reached XP level 1. HP: 13/13 MP: 3/3
   332 | D:1      | Reached skill level 2 in Dodging
   525 | D:1      | Reached skill level 1 in Fighting
   525 | D:1      | Reached XP level 2. HP: 21/21 MP: 5/5
  1097 | D:2      | Reached XP level 3. HP: 26/27 MP: 6/6
  1320 | D:2      | Found a faded altar of an unknown god.
  1355 | D:2      | Reached skill level 2 in Fighting
  1355 | D:2      | Reached skill level 1 in Polearms
  1629 | D:2      | Reached XP level 4. HP: 18/33 MP: 7/7
  1991 | D:3      | Found a transporter.
  1991 | D:3      | Found a hazy altar of Hepliaklqana.
  1991 | D:3      | Found a sacrificial altar of Ru.
  1992 | D:3      | Found a broken altar of Ashenzari.
  1992 | D:3      | Noticed a necrophage
  2002 | D:3      | Found a transporter.
  2033 | D:3      | Reached skill level 3 in Dodging
  2118 | D:3      | Reached skill level 2 in Polearms
  2136 | D:3      | Reached XP level 5. HP: 27/38 MP: 8/8
  2245 | D:3      | Found a shimmering altar of Xom.
  2308 | D:3      | Noticed Jessica
  2524 | D:3      | HP: 9/38 [scorpion zombie (2)]
  2529 | D:3      | HP: 4/38 [scorpion zombie (6)]
  2533 | D:3      | Reached skill level 3 in Polearms
  3371 | D:4      | HP: 8/38 [iguana (12)]
  3832 | D:4      | Noticed a hornet
  3842 | D:4      | HP: 6/38 [hornet (7)]
  3843 | D:4      | Mangled by a hornet

Illustrated notes

Levels and vault maps discovered:
D:1:      lightli_arrival_farm, layout_rooms, minmay_misc_feat_five
D:2:      layout_loops_ring, dreamdust_ecumenical_altar_angels_and_demons
D:3:      layout_basic, mainiacjoe_overflow_boulevard,
          gammafunk_temple_overflow_arena, serial_undead, serial_undead_d,
          serial_undead_b, serial_undead_a, serial_undead_d, st_stairs_13,
          hangedman_abyss_or_decor_stabs, uniq_jessica
D:4:      layout_rooms, kennysheep_mini

Skill      XL: |  1  2  3  4  5 |
---------------+----------------+-----
Dodging        | 2 3 |  3.0
Fighting       | 1 2 |  2.0
Polearms       | 1 2 3 |  3.5
Stealth        | |  2.4
Spellcasting   | |  2.1
Conjurations   | |  0.8
Air Magic      | |  2.4

Action                   |  1- 3 |  4- 6 || total
-------------------------+-------+-------++-------
Melee: Short sword       |    44 |       ||    44
       Punch             |     2 |     4 ||     6
       Spear             |   109 |    88 ||   197
       Trident           |       |    68 ||    68
  Use: Scroll            |       |     2 ||     2
 Stab: Sleeping          |     1 |     1 ||     2
Armor: Robe              |     6 |       ||     6
       Ring mail         |    38 |    56 ||    94
Dodge: Dodged            |    85 |    98 ||   183

Table legend: (Time is in decaauts)
 A = Elapsed time spent in this place.
 B = Non-inter-level travel time spent in this place.
 C = Inter-level travel time spent in this place.
 D = Time resting spent in this place.
 E = Time spent auto-exploring this place.
 F = Levels seen in this place.
 G = Mean time per level.
                   A        B        C        D        E       F      G
               +--------+--------+--------+--------+--------+-----+--------+
         Total |   3886 |   3790 |     96 |     52 |   2840 |   4 |  971.5 |
       Dungeon |   3886 |   3790 |     96 |     52 |   2840 |   4 |  971.5 |
               +--------+--------+--------+--------+--------+-----+--------+

Top non-repeatable levels by time:
     D:3: 1457 daAuts
     D:2: 998 daAuts
     D:1: 970 daAuts
     D:4: 459 daAuts

Table legend:
 A = Kills in this place as a percentage of kills in entire the game.
 B = Kills by you in this place as a percentage of kills by you in the entire game.
 C = Kills by friends in this place as a percentage of kills by friends in the entire game.
 D = Other kills in this place as a percentage of other kills in the entire game.
 E = Experience gained in this place as a percentage of experience gained in the entire game.
 F = Experience gained in this place divided by the number of levels of this place that you have seen.
                   A       B       C       D       E      F
               +-------+-------+-------+-------+-------+----------------------
         Total | 100.0 | 100.0 |   N/A |   N/A | 100.0 |  57.2
       Dungeon | 100.0 | 100.0 |   N/A |   N/A | 100.0 |  57.2
               +-------+-------+-------+-------+-------+----------------------
